 Dungeon Crawl Stone Soup version 0.26-a0-689-gc93c913f66 (webtiles) character file.

Game seed: 4156557332038752432

213269 Ijustatesigmund the Unseen (level 18, -2/101 HPs)
             Began as a Spriggan Delver on Oct 22, 2020.
             Was a High Priest of Okawaru.
             Killed from afar by a deep elf mage (57 damage)
             ... with a bolt of magma
             ... on level 1 of the Elven Halls on Oct 23, 2020.
             The game lasted 02:29:43 (44389 turns).

Ijustatesigmund the Unseen (Spriggan Delver)       Turns: 44389, Time: 02:29:45

Health: -2/101     AC: 12    Str: 13    XL:     18   Next: 26%
Magic:  42/42      EV: 36    Int: 16    God:    Okawaru [*****.]
Gold:   3512       SH: 12    Dex: 26    Spells: 16/17 levels left

rFire    . . .     SeeInvis +   a - +7 quick blade
rCold    . . .     Faith    .   P - +3 buckler {reflect}
rNeg     + + .     Spirit   .   b - +0 troll leather armour
rPois    +         Reflect  +   E - +2 hat {Int+3}
rElec    +         Harm     .   N - +0 cloak "Kerut" {rElec Str+3 Dex+4}
rCorr    .         Rampage  .   (gloves unavailable)
MR       +++..                  (boots unavailable)
Stlth    +++++++...             y - amulet of Hell {rN++ Regen+ MP+9}
HPRegen  1.06/turn              l - +4 ring of protection
MPRegen  0.28/turn              I - +4 ring of evasion

@: about to teleport, very quick
A: very small, unfitting armour, antennae 1, claws 1, see invisible, speed 3,
high mp 1, poison resistance
}: 1/15 runes: decaying
a: Heroism, Finesse, Renounce Religion


You were on level 1 of the Elven Halls.
You worshipped Okawaru.
Okawaru was extremely pleased with you.
You visited 7 branches of the dungeon, and saw 31 of its levels.
You also visited: Gauntlet, Ice Cave, Volcano and Wizlab.

You collected 5878 gold pieces.
You spent 2366 gold pieces at shops.

Inventory:

Hand Weapons
 a - a +7 quick blade (weapon)
 h - a +0 hunting sling
 B - the +5 rapier "Toxolluf" {vorpal, +Blink Dex+4}
   (You found it on level 11 of the Dungeon)

   It inflicts extra damage upon your enemies.
   It affects your dexterity (+4).
   It lets you blink.
Missiles
 C - 296 sling bullets
 H - 4 throwing nets
 O - 8 atropa-tipped darts (quivered)
 T - 5 datura-tipped darts
Armour
 b - a +0 troll leather armour (worn)
 o - the +0 cloak of the Heron {*Corrode rF+ rN+}
   (You found it in a Gauntlet)

   It protects you from fire.
   It protects you from negative energy.
   It may corrode you when you take damage.
 E - a +2 hat of intelligence (worn)
 J - +0 fire dragon scales
 N - the +0 cloak "Kerut" (worn) {rElec Str+3 Dex+4}
   (Okawaru gifted it to you on level 5 of the Lair of Beasts)

   It affects your strength (+3).
   It affects your dexterity (+4).
   It insulates you from electricity.
 P - a +3 buckler of reflection (worn)
 U - the +1 robe "Ihuadgh" {rC++ Stlth+}
   (Okawaru gifted it to you on level 6 of the Lair of Beasts)

   It greatly protects you from cold.
   It makes you more stealthy.
Jewellery
 l - a +4 ring of protection (left claw)
 n - the ring of Hamnahiu {rF+ rC+}
   (You found it in a Gauntlet)

   [ring of protection from fire]

   It protects you from fire.
   It protects you from cold.
 q - an uncursed ring of protection from cold
 y - the amulet of Hell (around neck) {rN++ Regen+ MP+9}
   (You took it off a minotaur in a Gauntlet)

   [amulet of regeneration]

   It greatly protects you from negative energy.
   It affects your magic capacity (+9).
   It increases your rate of regeneration.
 I - a +4 ring of evasion (right claw)
 Z - a +4 ring of slaying
Wands
 e - a wand of polymorph (24)
 g - a wand of digging (10)
 r - a wand of flame (35)
 G - a wand of random effects (36)
 Q - a wand of acid (5)
 S - a wand of disintegration (12)
 V - a wand of iceblast (6)
Scrolls
 c - 8 scrolls of fog
 d - a scroll of magic mapping
 f - 9 scrolls of amnesia
 t - 2 scrolls of fear
 u - 13 scrolls of teleportation
 x - 20 scrolls of remove curse
 D - 16 scrolls of identify
 L - 4 scrolls of summoning
 M - 4 scrolls of immolation
 X - a scroll of silence
Potions
 i - 3 potions of heal wounds
 k - 4 potions of flight
 m - 4 potions of stabbing
 p - 13 potions of curing
 s - 2 potions of magic
 v - 6 potions of mutation
 w - 5 potions of brilliance
 z - a potion of invisibility
 A - 6 potions of ambrosia
 F - 2 potions of haste
 K - 5 potions of cancellation
 R - a potion of berserk rage
 W - 6 potions of might
 Y - 2 potions of resistance


   Skills:
 - Level 13.8 Fighting
 - Level 14.2 Short Blades
 + Level 10.5(10.8) Slings
 - Level 3.7(6.8) Throwing
 + Level 4.7 Armour
 - Level 13.0 Dodging
 + Level 17.3 Stealth
 + Level 5.4 Shields
 - Level 4.1 Translocations
 + Level 15.0 Invocations
 - Level 8.9 Evocations


You had 16 spell levels left.
You knew the following spells:

 Your Spells              Type           Power        Failure   Level
a - Apportation           Tloc           ##....       6%          1

Your spell library contained the following spells:

 Spells                   Type           Power        Failure   Level
 Gell's Gravitas          Tloc           ##........   19%         3
 Animate Skeleton         Necr           #.....       34%         1
 Beastly Appendage        Tmut           #.....       34%         1
 Corona                   Hex            #......      34%         1
 Foxfire                  Conj/Fire      #...         34%         1
 Shock                    Conj/Air       #...         34%         1
 Summon Small Mammal      Summ           #...         34%         1
 Ensorcelled Hibernation  Hex/Ice        #.....       47%         2
 Swiftness                Air            #.......     47%         2
 Wereblood                Tmut           #.......     47%         2
 Confusing Touch          Hex            #.......     71%         3
 Conjure Flame            Conj/Fire      #.......     71%         3
 Dazzling Flash           Conj/Hex       #.....       71%         3
 Inner Flame              Hex/Fire       #.......     71%         3
 Spider Form              Tmut/Pois      #.........   71%         3
 Static Discharge         Conj/Air       #.......     71%         3
 Tukima's Dance           Hex            #.......     71%         3
 Airstrike                Air            #.........   98%         4
 Animate Dead             Necr           #.........   98%         4
 Ice Form                 Ice/Tmut       #.......     98%         4
 Petrify                  Tmut/Erth      #.......     98%         4
 Sticky Flame             Conj/Fire      #.......     98%         4
 Blade Hands              Tmut           #.........   100%        5
 Borgnjor's Vile Clutch   Necr/Erth      #.........   100%        5
 Fireball                 Conj/Fire      #.........   100%        5
 Lightning Bolt           Conj/Air       #.........   100%        5
 Metabolic Englaciation   Hex/Ice        #.........   100%        5
 Yara's Violent Unravell  Hex/Tmut       #.........   100%        5
 Death Channel            Necr           #.........   100%        6
 Freezing Cloud           Conj/Ice/Air   #.........   100%        6
 Ozocubu's Refrigeration  Ice            #.........   100%        6
 Simulacrum               Ice/Necr       #.........   100%        6


Dungeon Overview and Level Annotations

Branches:
Dungeon (15/15)            Temple (0/1) D:6            Lair (6/6) D:8
  Swamp (4/4) Lair:4       Spider (1/4) Lair:2        Slime (0/5) Lair:6
    Orc (2/2) D:11            Elf (1/3) Orc:2        Vaults (0/5) D:14
 Depths (2/5) D:15          IceCv (visited)         Volcano (visited)
 WizLab (visited)         Gauntlet (visited)

Altars:
Dithmenos
Fedhas
Gozag
Makhleb
Okawaru
Qazlal
Ru
Sif Muna
Trog
Wu Jian
Yredelemnul
The Shining One
Beogh
Jiyva

Shops:
D:5 ?   D:13 !   Orc:1 :   Orc:2 !}:*   Depths:1 *

Annotations:
D:4 Eustachio
Lair:2 2 runed translucent doors, fritzmikael's ghost, journeyman OpFi
Lair:5 1 runed translucent door, Ezife's ghost, journeyman GrEE
Swamp:3 exclusion: oklob plant


Innate Abilities, Weirdness & Mutations

You are very small and have problems with some larger weapons.
You are too small for most types of armour.
You have supernaturally acute eyesight. (SInv)
You cover ground extremely quickly.
You have a pair of small antennae on your head.
You have sharp fingernails.
You have an increased reservoir of magic. (+10% MP)
Your system is resistant to poisons. (rPois)


Message History

The deep elf mage is empowered by the deep elf high priest's aura! x2
The deep elf annihilator is empowered by the deep elf high priest's aura!
The deep elf mage is empowered by the deep elf high priest's aura!
The deep elf mage gestures wildly while chanting.
A deep elf mage comes into view.
It is wielding a +1 rapier of holy wrath.
The deep elf annihilator mumbles some strange words.
The deep elf annihilator blinks!
The deep elf archer shoots an arrow.
The arrow completely misses you. The deep elf mage casts a spell at you.
The bolt of lightning hits the +2 dire flail of protection.
The +2 dire flail of protection completely resists.
The bolt of lightning misses you.
As you read the scroll of teleportation, it crumbles to dust.
You feel strangely unstable.
The +2 dire flail of protection completely misses you.
The deep elf mage points at you and mumbles some strange words.
The bolt of magma hits the earth elemental!
The earth elemental partially resists.
The bolt of magma hits you!!!
Ouch! That really hurt!
You die...

### ..# # ## #e. ..
.. ... ... .###.# #
..ee ..#.#.# #
#.E#.#(#.#.#
#.##...#@..#.# #.
(:.'.ยงยง((#E..# ..
#.##...#EE..## #.
#..#.#.e#.# #. ...e
e.#....# #.### ...
.###..#.# #...# ..
..#...#..#
#.#)####+####.#.#.##
#...............(.#


You could see a deep elf archer (repels missiles), 3 earth elementals, 3 deep
elf magi and a +2 dire flail of protection.

Vanquished Creatures
  Nikola (Swamp:3)
  A tentacled monstrosity (Swamp:4)
  Jorgrun (Swamp:3)
  Gastronok (Lair:1)
  3 thorn hunters
  Roxanne (Swamp:1)
  A frost giant (IceCv)
  2 stone giants
  2 very ugly things
  Nessos (D:14)
  A minotaur (Gauntlet)
  An ettin (Depths:2)
  A blizzard demon (WizLab)
  A fire dragon (Depths:2)
  A deep elf death mage (Elf:1)
  2 green deaths (Swamp:4)
  A rakshasa (D:15)
  A great orb of eyes (Depths:2)
  A vault guard (D:14)
  25 hydras
  3 ice dragons
  A hell beast (Gauntlet)
  5 catoblepae
  Erica (Lair:1)
  5 boulder beetles
  2 ghost crabs
  5 centaur warriors
  4 two-headed ogres
  3 dancing weapons (Elf:1)
  11 alligators
  18 death yaks (Lair:6)
  3 orc high priests
  A hell knight (Volcano)
  A deep elf knight (Elf:1)
  Nergalle (Lair:2)
  A wretched star (Gauntlet)
  5 skeletal warriors (D:15)
  4 swamp dragons
  2 unseen horrors
  2 spriggan druids (Swamp:4)
  Pikel (D:9)
  2 wizards (Depths:1)
  A lindwurm (Lair:5)
  A harpy (shapeshifter) (Depths:1)
  4 deep elf archers (Elf:1)
  7 deep elf magi
  An orc knight (D:11)
  10 orc sorcerers
  26 ugly things
  A wolf spider (D:15)
  3 cyclopes (D:13)
  5 manticores
  An ice statue (IceCv)
  2 black mambas
  3 centaur zombies
  A black mamba (shapeshifter) (D:13)
  A gargoyle (D:12)
  8 elephants
  An orange demon (Swamp:4)
  Maggie (Lair:1)
  A minotaur zombie (Gauntlet)
  2 smoke demons
  16 cane toads
  An apocalypse crab (WizLab)
  2 rime drakes
  2 ice devils (D:15)
  6 komodo dragons
  5 yaktaurs
  3 meliai (D:12)
  5 trolls
  8 hornets
  17 slime creatures
  Prince Ribbit (D:5)
  11 tyrant leeches
  4 jumping spiders (Spider:1)
  A red devil (Volcano)
  15 polar bears
  4 large abominations (Swamp:4)
  11 blink frogs
  11 bog bodies
  Sigmund (D:2)
  2 redbacks (Spider:1)
  4 spriggans
  7 shadows
  10 wyverns
  61 yaks
  Grum (D:9)
  5 basilisks
  8 ice beasts
  A neqoxec (Gauntlet)
  12 vampire mosquitoes
  Menkaure (D:6)
  12 wargs
  11 swamp worms
  4 hell hounds
  An acid dragon (D:14)
  A soldier ant (D:14)
  25 water moccasins
  23 orc priests
  4 swamp drakes
  25 orc warriors
  3 phantoms
  3 sky beasts
  2 hornet zombies
  9 black bears
  12 ogres
  3 boggarts (Depths:2)
  25 wolves
  12 centaurs
  2 lemures (D:9)
  A big kobold (D:10)
  24 bullfrogs
  2 gnoll sergeants (D:6)
  2 wyvern zombies (D:11)
  A water moccasin zombie (D:7)
  4 scorpions
  9 killer bees
  2 howler monkeys
  4 wights (D:11)
  An electric eel (D:14)
  3 crimson imps (Gauntlet)
  2 bullfrog zombies
  5 jellies
  3 centaur skeletons
  4 bullfrog skeletons
  20 hounds
  A quasit (D:8)
  45 orc wizards
  5 gnoll shamans (D:6)
  6 iguanas
  Terence (D:2)
  9 worker ants
  A hound zombie (D:9)
  A hound skeleton (D:10)
  26 gnolls
  A howler monkey skeleton (D:6)
  4 worker ant zombies
  15 adders
  2 shadow imps
  2 white imps
  An ooze (D:4)
  2 adder skeletons
  A dart slug (D:1)
  5 leopard geckos
  93 orcs
  4 giant cockroaches
  6 goblins
  11 hobgoblins
  14 jackals
  7 kobolds
  3 quokkas
  A ball python (D:1)
  7 bats
  4 frilled lizards
  3 rats
  A bush (Lair:3)
992 creatures vanquished.

Vanquished Creatures (collateral kills)
  A hydra (D:11)
  An ugly thing (D:14)
  A bog body (Swamp:4)
  2 slime creatures (Swamp:4)
  A yak (D:11)
  A wraith (D:11)
  A centaur (D:5)
  A lemure (D:9)
  A gnoll sergeant (D:6)
  A hound (D:6)
  An orc priest (D:5)
  An iguana (D:8)
  6 gnolls
  A shadow imp (D:6)
  4 jackals (D:2)
  A quokka zombie (D:6)
  A rat (D:2)
26 creatures vanquished.

Vanquished Creatures (others)
  3 ugly things
  An air elemental (WizLab)
  2 yaks
  An ice beast (D:8)
  A jelly (D:5)
  2 orc wizards (Orc:2)
  A worker ant (D:5)
  3 gnolls (D:6)
  An ufetubus (D:5)
  3 orcs (Orc:2)
  4 demonic plants (Gauntlet)
  13 fungi
  17 plants
52 creatures vanquished.

Grand Total: 1070 creatures vanquished

Notes
Turn   | Place    | Note
-------+----------+-------------------------------------------
     0 | D:5      | Ijustatesigmund the Spriggan Delver began the quest for the
                  | Orb.
     0 | D:5      | Reached XP level 1. HP: 11/11 MP: 2/2
     4 | D:5      | Noticed a centaur
    63 | D:5      | Noticed Prince Ribbit
   496 | D:1      | Reached XP level 2. HP: 16/16 MP: 3/3
  1259 | D:2      | Noticed Terence
  1300 | D:3      | Reached XP level 3. HP: 8/19 MP: 4/4
  1886 | D:2      | Found a sacrificial altar of Ru.
  3167 | D:4      | Reached XP level 4. HP: 23/23 MP: 5/5
  3236 | D:2      | Killed Terence
  3310 | D:2      | Found a basalt altar of Yredelemnul.
  3354 | D:2      | Noticed Sigmund
  3359 | D:2      | Reached skill level 1 in Shields
  3445 | D:2      | Killed Sigmund
  3445 | D:2      | Reached skill level 5 in Dodging
  3445 | D:2      | Reached XP level 5. HP: 16/28 MP: 6/6
  3445 | D:2      | Reached XP level 6. HP: 18/32 MP: 7/7
  4545 | D:4      | Noticed Eustachio
  4982 | D:4      | Found an iron altar of Okawaru.
  4985 | D:4      | Became a worshipper of Warmaster Okawaru
  5070 | D:5      | Noticed an ice beast
  5241 | D:6      | Reached skill level 5 in Short Blades
  5241 | D:6      | Reached skill level 1 in Invocations
  5241 | D:6      | Reached XP level 7. HP: 30/37 MP: 8/8
  5368 | D:5      | Reached * piety under Okawaru
  5427 | D:5      | Killed an ice beast
  5427 | D:5      | Reached skill level 8 in Stealth
  5638 | D:5      | Found a glowing golden altar of the Shining One.
  5982 | D:5      | Found Becyschaipi's Magic Scroll Shoppe.
  5991 | D:5      | Killed Prince Ribbit
  5991 | D:5      | Reached ** piety under Okawaru
  5991 | D:5      | Reached XP level 8. HP: 42/42 MP: 9/11
  6015 | D:5      | Bought a scroll of identify for 22 gold pieces
  6015 | D:5      | Bought a scroll of teleportation for 33 gold pieces
  6166 | D:5      | Reached skill level 9 in Stealth
  7240 | D:5      | Reached skill level 5 in Fighting
  7606 | D:6      | Reached skill level 1 in Throwing
  7657 | D:6      | Reached *** piety under Okawaru
  7662 | D:6      | You fall into a shaft and drop 3 floors!
  7662 | D:9      | Noticed Pikel
  8202 | D:7      | Reached XP level 9. HP: 42/47 MP: 13/13
  8372 | D:7      | Noticed a two-headed ogre
  8416 | D:7      | Killed a two-headed ogre
  8416 | D:7      | Reached **** piety under Okawaru
  8416 | D:7      | Reached skill level 1 in Armour
  8567 | D:7      | Reached skill level 5 in Invocations
  9276 | D:7      | Reached ***** piety under Okawaru
  9801 | D:6      | Found a staircase to the Ecumenical Temple.
  9951 | D:6      | Received a gift from Okawaru
  9962 | D:6      | Noticed Menkaure
  9977 | D:6      | Killed Menkaure
 10018 | D:6      | Reached XP level 10. HP: 49/53 MP: 15/15
 10501 | D:6      | Gained mutation: You have a pair of small antennae on your
                  | head. [potion of mutation]
 10501 | D:6      | Gained mutation: You have an increased reservoir of magic.
                  | (+10% MP) [potion of mutation]
 10501 | D:6      | Gained mutation: You have sharp fingernails. [potion of
                  | mutation]
 10501 | D:6      | Gained mutation: Your system is resistant to poisons.
                  | (rPois) [potion of mutation]
 10515 | D:6      | Found a shimmering blue altar of Sif Muna.
 10588 | D:6      | Reached skill level 1 in Evocations
 10716 | D:6      | Reached skill level 10 in Stealth
 11457 | D:7      | Reached skill level 11 in Stealth
 12068 | D:8      | Reached skill level 5 in Evocations
 12129 | D:8      | Found a staircase to the Lair.
 12274 | D:8      | Found a stormy altar of Qazlal.
 12274 | D:8      | Found a shadowy altar of Dithmenos.
 12318 | D:8      | Found a blossoming altar of Fedhas.
 12320 | D:8      | Found a burning altar of Makhleb.
 12327 | D:8      | Reached skill level 12 in Stealth
 12953 | D:8      | Got a fine trident
 13704 | D:9      | Killed Pikel
 13704 | D:9      | Reached skill level 13 in Stealth
 13704 | D:9      | Reached XP level 11. HP: 44/58 MP: 18/18
 13817 | D:9      | Noticed Grum
 13821 | D:9      | Killed Grum
 14026 | D:9      | Found an ornate altar of the Wu Jian Council.
 14026 | D:9      | Found a bloodstained altar of Trog.
 14026 | D:9      | Found an opulent altar of Gozag.
 14231 | D:10     | Entered Level 10 of the Dungeon
 14351 | D:10     | Noticed a two-headed ogre
 14358 | D:10     | Killed a two-headed ogre
 14586 | D:11     | Noticed a purple ugly thing
 14587 | D:11     | Killed a purple ugly thing
 14587 | D:11     | Received a gift from Okawaru
 14624 | D:11     | Found a gate leading to a gauntlet.
 14633 | Gauntlet | Entered a Gauntlet
 14633 | Gauntlet | Found a transporter.
 14633 | Gauntlet | Found a transporter.
 14637 | Gauntlet | Found a transporter.
 14637 | Gauntlet | Found a transporter.
 14637 | Gauntlet | Noticed a shining eye
 14640 | Gauntlet | Found a transporter.
 14677 | Gauntlet | Noticed a hell beast
 14681 | Gauntlet | Found a transporter.
 14681 | Gauntlet | Found a transporter.
 14683 | Gauntlet | Noticed a white ugly thing
 14684 | Gauntlet | Found a transporter.
 14684 | Gauntlet | Noticed a thrashing horror
 14697 | Gauntlet | Noticed a thrashing horror
 14707 | Gauntlet | Found a transporter.
 14722 | Gauntlet | Noticed a great orb of eyes
 14725 | Gauntlet | Found a transporter.
 14735 | Gauntlet | Found a transporter.
 14735 | Gauntlet | Noticed a wretched star
 14754 | Gauntlet | Found a transporter.
 14816 | Gauntlet | Found a transporter.
 14829 | Gauntlet | Found a transporter.
 14893 | Gauntlet | Reached skill level 14 in Stealth
 15059 | Gauntlet | Killed a hell beast
 15086 | Gauntlet | Got a fine glass ring
 15088 | Gauntlet | Identified the ring of Hamnahiu {rF+ rC+} (You found it in
                  | a Gauntlet)
 15139 | Gauntlet | Killed a wretched star
 15145 | Gauntlet | Got a heavily runed cloak
 15252 | Gauntlet | Identified the +0 cloak of the Heron {*Corrode rF+ rN+}
                  | (You found it in a Gauntlet)
 15262 | Gauntlet | Identified the amulet of Hell {rN++ Regen+ MP+9}
 15262 | Gauntlet | Noticed a minotaur
 15283 | Gauntlet | Killed a minotaur
 15462 | D:11     | Noticed a four-headed hydra
 15474 | D:11     | Noticed a boulder beetle
 15577 | D:11     | Killed a boulder beetle
 15845 | D:10     | Received a gift from Okawaru
 16315 | D:11     | Killed a four-headed hydra
 16315 | D:11     | Reached XP level 12. HP: 63/63 MP: 20/20
 16545 | D:11     | Got a pitted rapier
 16546 | D:11     | Identified the +5 rapier "Toxolluf" {vorpal, +Blink Dex+4}
                  | (You found it on level 11 of the Dungeon)
 17075 | D:11     | Found a staircase to the Orcish Mines.
 17138 | D:11     | Reached ****** piety under Okawaru
 17254 | D:11     | Noticed a two-headed ogre
 17256 | D:11     | Killed a two-headed ogre
 17256 | D:11     | Received a gift from Okawaru
 17408 | D:12     | Reached skill level 15 in Stealth
 18226 | D:12     | Noticed a five-headed hydra
 18239 | D:12     | Killed a five-headed hydra
 18382 | D:13     | Found Tituneg's Distillery.
 18546 | D:13     | Received a gift from Okawaru
 18600 | D:13     | Noticed a centaur warrior
 18637 | D:13     | Reached skill level 10 in Short Blades
 18656 | D:13     | Killed a centaur warrior
 18677 | D:13     | Noticed a centaur warrior
 18679 | D:13     | Killed a centaur warrior
 18833 | D:13     | HP: 2/63 [cyclops (22)]
 18852 | D:13     | Reached skill level 16 in Stealth
 18958 | D:13     | Noticed a two-headed ogre
 18982 | D:13     | Killed a two-headed ogre
 18982 | D:13     | Received a gift from Okawaru
 19041 | D:13     | Reached XP level 13. HP: 68/68 MP: 23/23
 20294 | Lair:1   | Entered Level 1 of the Lair of Beasts
 20385 | Lair:1   | Noticed Maggie
 20390 | Lair:1   | Killed Maggie
 20587 | Lair:1   | Noticed Gastronok
 20635 | Lair:1   | Killed Gastronok
 20846 | Lair:1   | Noticed Erica
 20849 | Lair:1   | Killed Erica
 20965 | Lair:1   | Reached skill level 10 in Fighting
 21135 | Lair:2   | Noticed Nergalle
 21190 | Lair:2   | Killed Nergalle
 21413 | Lair:2   | Found a hole to the Spider Nest.
 21561 | Lair:2   | Found a large runed translucent door.
 21561 | Lair:2   | Found a large runed translucent door.
 21565 | Lair:2   | Noticed fritzmikael's ghost (journeyman OpFi)
 21621 | Lair:2   | Received a gift from Okawaru
 22696 | Lair:3   | Reached skill level 10 in Invocations
 23529 | Lair:4   | Reached XP level 14. HP: 57/79 MP: 24/24
 23641 | Lair:4   | Found a staircase to the Swamp.
 23939 | D:5      | Bought 2 scrolls of acquirement for 1144 gold pieces
 23944 | D:5      | Acquired 799 gold pieces
 23948 | D:5      | Acquired 702 gold pieces
 23955 | D:5      | Bought a scroll of acquirement for 572 gold pieces
 23957 | D:5      | Bought a scroll of identify for 22 gold pieces
 23957 | D:5      | Bought a scroll of identify for 22 gold pieces
 23957 | D:5      | Bought a scroll of teleportation for 33 gold pieces
 23957 | D:5      | Acquired 1163 gold pieces
 24883 | Lair:5   | Received a gift from Okawaru
 24959 | Lair:5   | Got a blackened cloak {god gift}
 25060 | Lair:4   | Identified the +0 cloak "Kerut" {rElec Str+3 Dex+4}
                  | (Okawaru gifted it to you on level 5 of the Lair of Beasts)
 25757 | Lair:5   | Found a runed translucent door.
 25758 | Lair:5   | Noticed Ezife's ghost (journeyman GrEE)
 26051 | Lair:6   | Entered Level 6 of the Lair of Beasts
 26090 | Lair:6   | Found a dark tunnel.
 26108 | Volcano  | Entered a volcano
 26166 | Volcano  | Reached XP level 15. HP: 85/85 MP: 26/26
 26992 | Lair:6   | Found a staircase to the Slime Pits.
 26992 | Lair:6   | Found a viscous altar of Jiyva.
 27547 | Lair:6   | Received a gift from Okawaru
 27563 | Lair:6   | Identified the +1 robe "Ihuadgh" {rC++ Stlth+} (Okawaru
                  | gifted it to you on level 6 of the Lair of Beasts)
 27699 | Lair:6   | Reached skill level 10 in Dodging
 28048 | Lair:6   | Upgraded the game from 0.26-a0-683-g5206c1d7ac to
                  | 0.26-a0-689-gc93c913f66
 29193 | Lair:6   | Identified the +7 arbalest of the Jumping Jester {venom,
                  | rElec Int+4} (You found it on level 6 of the Lair of
                  | Beasts)
 29508 | Spider:1 | Entered Level 1 of the Spider Nest
 29983 | Swamp:1  | Entered Level 1 of the Swamp
 30207 | Swamp:1  | Reached XP level 16. HP: 84/90 MP: 28/28
 30447 | Swamp:1  | Noticed Roxanne
 30516 | Swamp:1  | Killed Roxanne
 30931 | Swamp:1  | Noticed a thorn hunter
 30937 | Swamp:1  | Killed a thorn hunter
 30937 | Swamp:1  | Reached skill level 5 in Shields
 31107 | Swamp:1  | Learned a level 1 spell: Apportation
 31195 | Swamp:2  | Reached skill level 1 in Translocations
 31549 | Swamp:2  | Received a gift from Okawaru
 32226 | Swamp:3  | Noticed Jorgrun
 32237 | Swamp:3  | Killed Jorgrun
 32237 | Swamp:3  | Received a gift from Okawaru
 32770 | Swamp:3  | Reached skill level 1 in Slings
 33164 | Swamp:3  | Noticed Nikola
 33184 | Swamp:3  | Killed Nikola
 33184 | Swamp:3  | Received a gift from Okawaru
 33392 | Swamp:3  | Noticed a thorn hunter
 33444 | Swamp:3  | Killed a thorn hunter
 33664 | Swamp:4  | Entered Level 4 of the Swamp
 33934 | Swamp:4  | Noticed a thorn hunter
 34008 | Swamp:4  | Killed a thorn hunter
 34208 | Swamp:4  | Received a gift from Okawaru
 34348 | Swamp:4  | Reached skill level 5 in Slings
 34490 | Swamp:4  | Received a gift from Okawaru
 34868 | Swamp:4  | Reached XP level 17. HP: 95/95 MP: 30/30
 35121 | Swamp:4  | Noticed a tentacled monstrosity
 35197 | Swamp:4  | Killed a tentacled monstrosity
 36241 | Swamp:4  | Got a decaying rune of Zot
 37094 | D:14     | Found a gate to the Vaults.
 37446 | D:14     | Noticed Nessos
 37498 | D:14     | Killed Nessos
 37821 | D:15     | Entered Level 15 of the Dungeon
 38025 | D:15     | Received a gift from Okawaru
 38070 | D:15     | Found a frozen archway.
 38148 | IceCv    | Entered an ice cave
 38547 | IceCv    | Received a gift from Okawaru
 39160 | D:15     | Received a gift from Okawaru
 39475 | D:15     | Received a gift from Okawaru
 39547 | D:15     | Identified the +1 dagger of the Three Hells {vorpal, rC+
                  | Int+4} (Okawaru gifted it to you on level 15 of the
                  | Dungeon)
 40435 | D:15     | Found a staircase to the Depths.
 40634 | Depths:1 | Entered Level 1 of the Depths
 40671 | Depths:1 | HP: 1/96 [fire giant/fireball (31)]
 40837 | Depths:2 | Received a gift from Okawaru
 40950 | Depths:1 | Found Soor's Changing Room.
 41016 | Depths:1 | Found a magical portal.
 41021 | WizLab   | Entered The Chambers of the Cloud Mage
 41487 | Orc:1    | Entered Level 1 of the Orcish Mines
 41550 | Orc:2    | Entered Level 2 of the Orcish Mines
 41622 | Orc:2    | Found a roughly hewn altar of Beogh.
 42166 | Orc:1    | Found Mapo's Book Shop.
 42236 | Orc:2    | Found a staircase to the Elven Halls.
 42320 | Orc:2    | Reached XP level 18. HP: 85/101 MP: 33/33
 42594 | Orc:2    | Reached skill level 10 in Slings
 42918 | Orc:2    | Reached skill level 17 in Stealth
 43397 | Orc:2    | Found a roughly hewn altar of Beogh.
 43467 | Orc:2    | Found Loresm's Book Emporium.
 43522 | Orc:2    | Found Ummeuss's Assorted Antiques.
 43565 | Orc:2    | Bought a potion of heal wounds for 165 gold pieces
 43565 | Orc:2    | Bought a scroll labeled VOROOF NITOC for 33 gold pieces
 43601 | Orc:2    | Found Xiozyas's Distillery.
 43653 | Orc:2    | Bought a potion of heal wounds for 80 gold pieces
 43653 | Orc:2    | Bought a potion of heal wounds for 80 gold pieces
 43653 | Orc:2    | Bought a potion of curing for 48 gold pieces
 43653 | Orc:2    | Bought a potion of curing for 48 gold pieces
 43653 | Orc:2    | Bought a potion of might for 64 gold pieces
 43657 | Orc:2    | Found Janay's Gadget Shop.
 44084 | Elf:1    | Entered Level 1 of the Elven Halls
 44219 | Elf:1    | Reached skill level 15 in Invocations
 44389 | Elf:1    | Killed from afar by a deep elf mage

Illustrated notes

Levels and vault maps discovered:
D:1:      lightli_arrival_chessboard, layout_basic, minmay_close_crescents
D:2:      layout_basic, marbit_many_paths, nicolae_ru_sacrificial_ziggurat,
          feat_on_display, uniq_sigmund, uniq_terence
D:3:      layout_loops_ring, minmay_goblin_kobold_house
D:4:      layout_cave_pools, kennysheep_mini, hangedman_decor_lopped,
          kennysheep_path_1, st_stairs_10, nrook_loot_triangle, uniq_eustachio
D:5:      layout_loops_ring, nicolae_tso_carved_into_rock, serial_shops,
          nicolae_shop_trees, uniq_prince_ribbit1
D:6:      layout_cave_pools, lemuel_coloured_pillars_altar,
          minmay_temple_entry_metal_lava, serial_gnoll_camp,
          gnoll_camp_mini_basic, gnoll_camp_medium_01, gnoll_camp_mini_house,
          gnoll_camp_huts_basic, gnoll_camp_mini_house,
          gnoll_camp_mini_doghouse, uniq_menkaure
D:7:      layout_basic, dk_noncrumbling_4
D:8:      layout_cave_pools, grunt_temple_overflow_open, minmay_lair_entry_grove
D:9:      layout_cave_pods, gammafunk_temple_overflow_claw, serial_glass,
          glass_columns_a, glass_columns_a, feat_on_display, item_on_display_a,
          item_on_display_a, uniq_pikel, uniq_grum
D:10:     layout_cave_pools, serial_bayou_pond_d, kennysheep_generic_room_7
D:11:     layout_basic, orc_0_dummy, gauntlet_entry_generic
D:12:     layout_basic
D:13:     layout_basic, serial_shops, nicolae_shop_statue_plus
D:14:     layout_layer_cave, david_vaults_5, kennysheep_cross_landing,
          kennysheep_generic_room_15, uniq_nessos
D:15:     grunt_enter_depths_hoard, layout_loops_ring,
          portal_ice_cave_demonic_guard, serial_park_square1
          [serial_park_minivault_5x5_8]
Lair:1:   layout_roguey, beast_lair_carwin_11, uniq_erica, uniq_gastronok,
          uniq_maggie
Lair:2:   layout_big_grid, dummy_spider_entry, ebering_ghost_disaster_area,
          pond, grunt_megastairs_2, infiniplex_staircase_pool, uniq_nergalle
Lair:3:   layout_cave_pods, st_stairs_12, small_statue_intersection
Lair:4:   layout_long_grid, minmay_swamp_entry_reptiles, grunt_megastairs_5
Lair:5:   layout_small_grid, ebering_ghost_inner_flame, serial_bayou_shore_b
Lair:6:   evilmike_catoblepas_cave, layout_cellular_growth, slime_altar_1,
          enter_volcano_4, lemuel_fruit_fields, grunt_megastairs_3
Swamp:1:  layout_basic_swamp, nicolae_swamp_very_dense_foliage, uniq_roxanne
Swamp:2:  layout_basic_swamp, evilmike_swamp_ruin_house_1
Swamp:3:  cheibrodos_swamp_heart_of_darkness, layout_falls_marsh,
          nicolae_swamp_little_tower, nicolae_swamp_oklob_treasure_island,
          uniq_nikola, uniq_jorgrun
Swamp:4:  swamp_vile, layout_basic_swamp
Spider:1: layout_spider_delve
Orc:1:    layout_caves, serial_shops, nicolae_shop_window_shopping
Orc:2:    st_orc_town, layout_diamond_mine, basic_altar
Elf:1:    minmay_elf_arrival_plus, layout_geoelf_octagon,
          minmay_elf_annihilation, nicolae_rare_books, minivault_8
Depths:1: minmay_the_grid_triangle_9x9_rhombus_thin
          [minmay_the_grid_triangle_9x9_corruption,
          minmay_the_grid_triangle_9x9_prize_insulated,
          minmay_the_grid_triangle_9x9_corrupted_corridor,
          minmay_the_grid_triangle_9x9_pentomino_pain], layout_cave_pools,
          serial_shops, shop_coins, mu_enter_wizlab_4,
          grunt_hell_entry_dis_grunt, hangedman_feature_mirror,
          hangedman_decor_peaks_small, nicolae_transmutations_shop, minivault_12
Depths:2: evilmike_diamond_1, layout_cave_shapes, enter_ziggurat_e,
          nicolae_water_bricks, hell_entry

Skill      XL: |  1  2  3  4  5  6  7  8  9 10 11 12 13 14 15 16 17 18 |
---------------+-------------------------------------------------------+-----
Short Blades   | 3 4 5 6 8 9 10 11 13 14 | 14.2
Dodging        | 4 5 7 9 10 11 12 13 | 13.0
Fighting       | 3 4 5 6 7 11 12 13 | 13.8
Shields        | 1 2 3 4 5 |  5.4
Invocations    | 1 3 4 5 6 7 9 10 11 12 13 14 15 | 15.0
Stealth        | 8 9 13 14 16 17 | 17.3
Throwing       | 3 |  3.7
Armour         | 1 3 4 |  4.7
Evocations     | 7 8 |  8.9
Translocations | 4 |  4.1
Slings         | 6 9 10 | 10.5

Action                   |  1- 3 |  4- 6 |  7- 9 | 10-12 | 13-15 | 16-18 || total
-------------------------+-------+-------+-------+-------+-------+-------++-------
Melee: Short sword       |   171 |   211 |   451 |   458 |       |       ||  1291
       Dagger            |       |       |       |   330 |       |       ||   330
       Quick blade       |       |       |       |   843 |  2493 |  4073 ||  7409
       Rapier            |       |       |       |     8 |    70 |   202 ||   280
 Fire: Hunting sling     |       |       |       |       |       |    70 ||    70
Throw: Dart              |     1 |     4 |     9 |    16 |    13 |    16 ||    59
       Throwing net      |       |       |       |     1 |       |     1 ||     2
 Cast: Apportation       |       |       |       |       |       |    28 ||    28
Invok: Heroism           |       |       |     1 |     9 |    12 |    14 ||    36
       Finesse           |       |       |       |     2 |     5 |     7 ||    14
Evoke: Wand              |       |       |       |     4 |     8 |    81 ||    93
  Use: Scroll            |     4 |     2 |     2 |    11 |    17 |    16 ||    52
       Potion            |     1 |     5 |       |     6 |     3 |     8 ||    23
 Stab: Sleeping          |    10 |    10 |    12 |    49 |    47 |    37 ||   165
       Distracted        |       |       |     4 |     4 |     3 |     5 ||    16
       Invisible         |       |       |       |     3 |       |     8 ||    11
       Held in net/web   |       |       |       |     5 |       |       ||     5
       Petrified         |       |       |       |       |     4 |     1 ||     5
       Confused          |       |       |       |       |     2 |       ||     2
Armor: Robe              |    28 |    14 |    50 |    83 |     9 |    20 ||   204
       Skin              |       |    12 |       |       |       |       ||    12
       Steam dragon scal |       |       |       |       |    92 |    47 ||   139
       Troll leather arm |       |       |       |       |       |    70 ||    70
Dodge: Dodged            |   163 |    89 |   281 |   788 |   986 |  1742 ||  4049
Block: Buckler           |     5 |    50 |   173 |   447 |   594 |  1119 ||  2388
       Reflection        |       |       |       |       |     1 |    26 ||    27

Table legend: (Time is in decaauts)
 A = Elapsed time spent in this place.
 B = Non-inter-level travel time spent in this place.
 C = Inter-level travel time spent in this place.
 D = Time resting spent in this place.
 E = Time spent auto-exploring this place.
 F = Levels seen in this place.
 G = Mean time per level.
                   A        B        C        D        E       F      G
               +--------+--------+--------+--------+--------+-----+--------+
         Total |  30605 |  29142 |   1463 |  10319 |  10953 |  35 |  874.4 |
       Dungeon |  17072 |  16231 |    841 |   6330 |   5987 |  15 | 1138.1 |
          Lair |   6062 |   5655 |    407 |   2119 |   2317 |   6 | 1010.3 |
         Swamp |   4488 |   4345 |    143 |   1251 |   1743 |   4 | 1122.0 |
   Spider Nest |     85 |     85 |      0 |      0 |     28 |   1 |   85.0 |
  Orcish Mines |   1246 |   1195 |     51 |    191 |    545 |   2 |  623.0 |
   Elven Halls |    147 |    147 |      0 |      0 |     50 |   1 |  147.0 |
        Depths |    280 |    263 |     17 |     72 |      0 |   2 |  140.0 |
      Ice Cave |    516 |    516 |      0 |     58 |    232 |   1 |  516.0 |
       Volcano |     98 |     98 |      0 |      0 |     48 |   1 |   98.0 |
        Wizlab |     42 |     42 |      0 |      0 |      0 |   1 |   42.0 |
      Gauntlet |    566 |    566 |      0 |    296 |      0 |   1 |  566.0 |
               +--------+--------+--------+--------+--------+-----+--------+

Top non-repeatable levels by time:
     D:7: 2686 daAuts
  Lair:6: 2136 daAuts
     D:5: 2053 daAuts
 Swamp:4: 1943 daAuts
     D:2: 1394 daAuts
     D:6: 1312 daAuts
    D:11: 1088 daAuts
    D:14: 1035 daAuts
 Swamp:3: 1031 daAuts
    D:15: 1021 daAuts
     D:1: 1018 daAuts
   Orc:2: 965 daAuts
  Lair:3: 955 daAuts
     D:8: 937 daAuts
     D:3: 903 daAuts
